 Dungeon Crawl Stone Soup version 0.27.0-1-g7a089689b8 (webtiles) character file.

Game seed: 5462189531030872884

121 SnakkuSnakku7 the Magician (level 5, 0/37 HPs)
             Began as a Djinni Artificer on Aug 15, 2021.
             Slain by Grinder (6 damage)
             ... on level 2 of the Dungeon.
             The game lasted 00:05:48 (2952 turns).

SnakkuSnakku7 the Magician (Djinni Artificer)       Turns: 2952, Time: 00:05:49

Health: 0/37       AC:  3    Str: 11    XL:     5   Next: 26%
Gold:   140        EV: 11    Int: 14    God:
                   SH:  5    Dex: 13

rFire    + + .     SeeInvis .   a - +4 whip
rCold    x . .     Faith    .   (no shield)
rNeg     . . .     Spirit   .   b - +0 leather armour
rPois    ∞         Reflect  +   (no helmet)
rElec    .         Harm     .   (no cloak)
rCorr    .         Rampage  .   (no gloves)
Will     .....                  (boots unavailable)
Stlth    +.........             f - amulet of reflection
HPRegen  0.12/turn              (no ring)
MPRegen  0.00/turn              (no ring)

@: flying
A: sickness immunity, fire resistance 2, cold vulnerability 1, float, innate
caster, hp casting, extra vitality 1
a: no special abilities


You were on level 2 of the Dungeon.
You visited 1 branch of the dungeon, and saw 3 of its levels.

You collected 140 gold pieces.

Inventory:

Hand Weapons
 a - a +4 whip (weapon)
 g - a +0 whip
 h - a +0 club
Armour
 b - a +0 leather armour (worn)
 q - a scarf of invisibility
Jewellery
 f - an amulet of reflection (around neck)
 n - a +4 ring of protection
Wands
 c - a wand of flame (7)
 d - a wand of charming (15)
Scrolls
 i - a scroll of noise {unknown}
 j - a scroll of identify {unknown}
 k - a scroll of immolation {unknown}
 p - a scroll of silence {unknown}
Potions
 l - a potion of flight {unknown}
 m - 2 potions of degeneration {unknown}
 o - a potion of lignification {unknown}
Miscellaneous
 e - a piece from Xom's chessboard (15/15)


   Skills:
 - Level 1.0 Fighting
 - Level 1.0 Armour
 - Level 2.1 Dodging
 - Level 0.7 Stealth
 + Level 3.3 Spellcasting
 - Level 3.0 Evocations


You had 7 spell levels left.
You knew the following spells:

 Your Spells              Type           Power      Damage    Failure   Level
a - Foxfire               Conj/Fire      44%        2x1d6     7%          1
b - Ensorcelled Hibernat  Hex/Ice        22%        N/A       11%         2
Your spell library was empty.

Dungeon Overview and Level Annotations

Branches:
Dungeon (3/15)

Altars:

Shops:
D:3 (

Annotations:
D:2 Grinder


Innate Abilities, Weirdness & Mutations

You are immune to sickness and miasma.
You are immune to poison.
Your flesh is very heat resistant. (rF++)
You are vulnerable to cold. (rC-)
You float through the air rather than walking.
You learn spells naturally, not from books.
Your magical power is your life essence.
You have superior vitality. (+4 HP)


Message History

You hit Grinder.
Grinder is lightly wounded.
Grinder closely misses you.
You hit Grinder.
Grinder is lightly wounded.
Grinder gestures at you.
You suddenly lose the ability to move!
Grinder hits you but does no damage. x2
Grinder hits you.
You writhe in agony.
Grinder gestures at you.
You struggle to resist.
Grinder gestures at you. You resist with significant effort.
Grinder hits you but does no damage.
You can move again.
You whack Grinder!
Grinder is moderately wounded.
Grinder blinks!
Grinder gestures at you. You resist with significant effort.
Unknown command.
Grinder gestures at you.
You suddenly lose the ability to move!
Grinder gestures at you. You resist with significant effort.
You can move again.
Unknown command.
Unknown command.
You hit Grinder.
Grinder is heavily wounded.
You block Grinder's attack.
Your leather armour prevents you from hitting Grinder.
Grinder is heavily wounded.
Grinder hits you.
You closely miss Grinder.
Grinder is heavily wounded.
Grinder hits you!
* * * LOW HITPOINT WARNING * * *
You writhe in agony.
You die...

#####......# ......####.# .######
#.# ############### .....<####.#
#...>..)......# ...........#
#.#####.....#.# .####.###..#
##.## #.###.#.# .#
#.###..#####...# #.# #.#.# ##
#.......[....#.# #.# #.#.#
.########.......@5.# #.###.#.#
#..................# #.##....#
.###......####>#.#.####.#.....###
.............................)...
####.......###.#.#.######........
# #.....#.# #.....# ##...#.##
####.#.#.#.# ###.### ##.##.#
.....#.#...# #.# ####.#
###..#.#.### #.# #.#


You could see Grinder.

Vanquished Creatures
  4 adders
  2 worms
  A dart slug (D:1)
  An orc (D:3)
  2 endoplasms
  4 giant cockroaches
  11 goblins
  6 hobgoblins
  7 jackals (D:2)
  6 quokkas
  7 ball pythons
  5 bats
  2 frilled lizards (D:1)
  6 kobolds
  4 rats
68 creatures vanquished.

Vanquished Creatures (others)
  123 foxfires
123 creatures vanquished.

Grand Total: 191 creatures vanquished

Notes
Turn   | Place    | Note
-------+----------+-------------------------------------------
     0 | D:1      | SnakkuSnakku7 the Djinni Artificer began the quest for the
                  | Orb.
     0 | D:1      | Reached XP level 1. HP: 17/17 MP: 0/0
   354 | D:1      | Reached skill level 1 in Spellcasting
   354 | D:1      | Reached XP level 2. HP: 17/22 MP: 0/0
   738 | D:1      | Reached XP level 3. HP: 24/27 MP: 0/0
   738 | D:1      | Learned a level 1 spell: Foxfire
  1067 | D:1      | Found a faded altar of an unknown god.
  1351 | D:2      | Reached XP level 4. HP: 21/32 MP: 0/0
  2409 | D:3      | Noticed Grinder
  2459 | D:2      | Paralysed by Grinder for 3 turns
  2473 | D:3      | Reached XP level 5. HP: 10/37 MP: 0/0
  2473 | D:3      | Learned a level 2 spell: Ensorcelled Hibernation
  2764 | D:3      | Found Quotuo's Antique Weapon Shop.
  2938 | D:2      | Paralysed by Grinder for 7 turns
  2947 | D:2      | Paralysed by Grinder for 2 turns
  2952 | D:2      | Slain by Grinder

Illustrated notes

Levels and vault maps discovered:
D:1:      dpeg_arrival_leaves_temple_mockup, layout_basic,
          dreamdust_ecumenical_altar_angels_and_demons
D:2:      layout_loops_ring, minmay_misc_feat_cross
D:3:      layout_basic, serial_shops,
          nicolae_shop_temple_entry_statues_fountains,
          nicolae_shop_window_shopping, grunt_ministairs_6, uniq_grinder

Skill      XL: |  1  2  3  4 |
---------------+-------------+-----
Spellcasting   | 1 2 3 |  3.3
Fighting       | |  1.0
Armour         | |  1.0
Dodging        | |  2.1
Stealth        | |  0.7
Evocations     | |  3.0

Action                   |  1- 3 |  4- 6 || total
-------------------------+-------+-------++-------
Melee: Whip              |    47 |    72 ||   119
       Club              |     5 |       ||     5
 Cast: Foxfire           |    33 |    50 ||    83
Evoke: Wand              |     5 |     3 ||     8
 Stab: Sleeping          |     1 |     1 ||     2
Armor: Leather armour    |    10 |    30 ||    40
Dodge: Dodged            |    32 |    47 ||    79
Block: Other             |    19 |    27 ||    46
